 Dungeon Crawl Stone Soup version 0.27-a0-972-gd1521fd518 (webtiles) character file.

Game seed: 2693910133038402142

1242 Alarkh the Insei (level 8, 0/61 HPs)
             Began as a Demonspawn Transmuter on Apr 13, 2021.
             Slain by an ice beast (14 damage)
             ... on level 6 of the Dungeon.
             The game lasted 00:05:39 (4702 turns).

Alarkh the Insei (Demonspawn Transmuter)            Turns: 4702, Time: 00:05:40

Health: 0/61       AC:  7    Str: 11    XL:     8   Next: 25%
Magic:  12/14      EV: 12    Int: 16    God:
Gold:   251        SH:  0    Dex: 14    Spells: 7/15 levels left

rFire    . . .     SeeInvis +     - Unarmed
rCold    . . .     Faith    .   (no shield)
rNeg     . . .     Spirit   .   a - +0 robe
rPois    .         Reflect  .   (no helmet)
rElec    .         Harm     .   (no cloak)
rCorr    .         Rampage  .   d - +0 pair of gloves
Will     .....                  v - +1 pair of boots
Stlth    +.........             (no amulet)
HPRegen  0.20/turn              b - +4 ring of slaying
MPRegen  0.14/turn              k - ring of see invisible

@: no status effects
A: icy blue scales 1, spiny 1
a: no special abilities


You were on level 6 of the Dungeon.
You visited 1 branch of the dungeon, and saw 6 of its levels.

You collected 453 gold pieces.
You spent 202 gold pieces at shops.

Inventory:

Missiles
 n - 8 poisoned darts
Armour
 a - a +0 robe (worn)
 d - a +0 pair of gloves (worn)
 s - a +0 pair of boots
 v - a +1 pair of boots (worn)
Magical Staves
 f - a staff of fire
Jewellery
 b - a +4 ring of slaying (left hand)
 h - an amulet of magic regeneration
 k - a ring of see invisible (right hand)
 o - a ring of positive energy
Wands
 p - a wand of paralysis (6)
 q - a wand of acid (6)
 u - a wand of iceblast (8)
Scrolls
 j - a scroll of holy word
 l - a scroll of noise {unknown}
 r - 2 scrolls of identify
 t - 3 scrolls of teleportation {unknown}
Potions
 c - 3 potions of curing
 e - a potion of haste
 g - 2 potions of magic
 i - a potion of lignification
 m - a potion of heal wounds


   Skills:
 + Level 4.4 Fighting
 - Level 1.7 Dodging
 * Level 6.3 Unarmed Combat
 + Level 4.4 Spellcasting
 + Level 4.3 Transmutations


You had 7 spell levels left.
You knew the following spells:

 Your Spells              Type           Power      Damage    Failure   Level
a - Beastly Appendage     Tmut           34%        N/A       2%          1
b - Spider Form           Tmut/Pois      5%         N/A       21%         3
c - Ice Form              Ice/Tmut       10%        N/A       54%         4

Your spell library contained the following spells:

 Spells                   Type           Power      Damage    Failure   Level
 Wereblood                Tmut           17%        N/A       4%          2
 Animate Skeleton         Necr           6%         N/A       16%         1
 Apportation              Tloc           6%         N/A       16%         1
 Corona                   Hex            3%         N/A       16%         1
 Summon Small Mammal      Summ           12%        N/A       16%         1
 Confusing Touch          Hex            3%         N/A       43%         3
 Gell's Gravitas          Tloc           1%         N/A       43%         3
 Petrify                  Tmut/Erth      10%        N/A       54%         4
 Hydra Form               Tmut           8%         N/A       58%         5
 Yara's Violent Unravell  Hex/Tmut       5%         3d4       88%         5
 Metabolic Englaciation   Hex/Ice        1%         N/A       99%         5


Dungeon Overview and Level Annotations

Branches:
Dungeon (6/15)
 Temple: D:4-7

Altars:
Kikubaaqudgha
Makhleb
Nemelex Xobeh
Trog
Wu Jian
Beogh

Shops:
D:5 !*?:[


Innate Abilities, Weirdness & Mutations

You are partially covered in icy blue scales. (AC +2)
You are partially covered in sharp spines.


Message History

The ice beast freezes you!
You are too injured to fight recklessly!
You are too injured to fight recklessly!
You are too injured to fight recklessly!
You hit the ice beast.
The ice beast is lightly wounded.
The ice beast hits you. The ice beast freezes you!
* * * LOW HITPOINT WARNING * * *
You hit the ice beast.
The ice beast is lightly wounded.
The ice beast misses you.
You hit the ice beast.
The ice beast is moderately wounded.
The ice beast barely misses you.
You hit the ice beast.
The ice beast is moderately wounded.
You hit the ice beast.
The ice beast is heavily wounded.
The ice beast completely misses you.
You hit the ice beast.
The ice beast is heavily wounded.
The ice beast barely misses you.
You hit the ice beast.
The ice beast is heavily wounded.
Your transformation has ended.
Your +0 pair of gloves unmelds from your body.
Your +1 pair of boots unmelds from your body.
Your +0 robe unmelds from your body.
The ice beast barely misses you.
You punch the ice beast!
The ice beast is almost dead.
The ice beast hits you but does no damage.
You hit the ice beast.
The ice beast is almost dead.
The ice beast hits you but does no damage.
You barely miss the ice beast.
The ice beast is almost dead.
The ice beast hits you.
* * * LOW HITPOINT WARNING * * *
The ice beast freezes you!
You die...

#.............
#............
#.......)...
#.....(....
###.........
.!..##.....
..........######
..........)@...#
........[>÷Y...#
......[...#........
...##..(###########
#..)# #..≈# #(Y≈#
#.≈≈≈ #..≈#


You could see an ice beast.

Vanquished Creatures
  An ice beast (D:5)
  A black bear (D:4)
  An orc warrior (D:6)
  An ogre (D:5)
  3 scorpions (D:4)
  2 howler monkeys (D:5)
  3 hounds
  A jelly (D:4)
  4 orc priests
  A bullfrog skeleton (D:5)
  A centaur skeleton (D:4)
  An iguana (D:4)
  4 orc wizards
  4 gnolls
  5 adders
  A shadow imp (D:6)
  A worm (D:6)
  7 dart slugs
  11 orcs
  5 ball pythons
  4 bats
  2 endoplasms
  3 giant cockroaches
  8 goblins
  5 hobgoblins
  17 jackals
  8 kobolds
  3 quokkas
  5 frilled lizards
  5 rats
118 creatures vanquished.

Notes
Turn   | Place    | Note
-------+----------+-------------------------------------------
     0 | D:1      | Alarkh the Demonspawn Transmuter began the quest for the
                  | Orb.
     0 | D:1      | Reached XP level 1. HP: 15/15 MP: 3/3
   214 | D:1      | Gained mutation: You are partially covered in icy blue
                  | scales. (AC +2) [demonic ancestry]
   214 | D:1      | Reached XP level 2. HP: 14/21 MP: 3/5
   371 | D:1      | Reached skill level 3 in Unarmed Combat
   712 | D:1      | Reached XP level 3. HP: 26/26 MP: 4/6
  1294 | D:2      | Found an ancient bone altar of Kikubaaqudgha.
  1602 | D:2      | Gained mutation: You are partially covered in sharp spines.
                  | [demonic ancestry]
  1602 | D:2      | Reached XP level 4. HP: 31/33 MP: 7/7
  1775 | D:3      | Found a burning altar of Makhleb.
  1906 | D:3      | Found a bloodstained altar of Trog.
  1962 | D:3      | Found an ornate altar of the Wu Jian Council.
  2119 | D:3      | Found a faded altar of an unknown god.
  2145 | D:4      | Noticed a scorpion
  2149 | D:4      | Killed a scorpion
  2150 | D:4      | Reached XP level 5. HP: 38/38 MP: 6/9
  2245 | D:4      | Reached skill level 4 in Unarmed Combat
  2446 | D:4      | Noticed a black bear
  2458 | D:4      | Found a sparkling altar of Nemelex Xobeh.
  2474 | D:4      | Killed a black bear
  2475 | D:4      | Reached XP level 6. HP: 15/46 MP: 10/10
  2924 | D:3      | Learned a level 3 spell: Spider Form
  2929 | D:3      | Learned a level 4 spell: Ice Form
  3256 | D:4      | Reached skill level 5 in Unarmed Combat
  3258 | D:4      | Reached XP level 7. HP: 31/52 MP: 12/12
  3800 | D:5      | Entered Level 5 of the Dungeon
  3824 | D:5      | Found Uchiawo's Distillery.
  3858 | D:5      | Found Tirorcho's Magic Scroll Shoppe.
  3873 | D:5      | Found Yse Mani's Book Emporium.
  3986 | D:5      | Reached skill level 6 in Unarmed Combat
  3991 | D:5      | Reached XP level 8. HP: 25/60 MP: 14/14
  4134 | D:5      | Found Mecidu's Assorted Antiques.
  4283 | D:5      | Found Zubiyr's Antique Armour Emporium.
  4291 | D:5      | Bought a pair of glowing boots for 202 gold pieces
  4702 | D:6      | Slain by an ice beast

Illustrated notes

Levels and vault maps discovered:
D:1:      nzn_arrival_water_spiral, layout_loops_corners
D:2:      layout_loops_cross, basic_altar
D:3:      layout_rooms, bloody_makhleb, bloody_trog,
          nicolae_wu_jian_wuxing_cycle, shapermc_ecumenical_altar_hornbeckon,
          palyth_stone_intersect
D:4:      layout_loops_ring, kennysheep_mini_moat, minmay_misc_feat_iff,
          kennysheep_orc_chapel
D:5:      layout_cave_pools, serial_shops, nicolae_shop_waterfront,
          nicolae_shop_crystal, shop, nicolae_shop_window_shopping, shop_statue
D:6:      layout_basic, zin_angel, lightli_sewer_entry_pipes,
          minmay_misc_feat_enclosed

Skill      XL: |  1  2  3  4  5  6  7 |
---------------+----------------------+-----
Unarmed Combat | 3 4 5 6 |  6.3
Transmutations | 2 3 4 |  4.3
Fighting       | 2 3 4 |  4.4
Spellcasting   | 3 4 |  4.4
Dodging        | |  1.7

Action                   |  1- 3 |  4- 6 |  7- 9 || total
-------------------------+-------+-------+-------++-------
Melee: Unarmed           |   132 |    70 |    90 ||   292
       Headbutt          |     8 |     9 |     4 ||    21
       Kick              |    12 |    12 |     6 ||    30
       Punch             |     1 |     1 |     1 ||     3
 Cast: Beastly Appendage |    21 |    10 |     5 ||    36
       Spider Form       |       |       |     3 ||     3
  Use: Potion            |       |     2 |       ||     2
       Scroll            |       |       |     6 ||     6
 Stab: Sleeping          |     2 |     2 |       ||     4
Armor: Robe              |    39 |    16 |    18 ||    73
Dodge: Dodged            |    76 |    44 |    43 ||   163

Table legend: (Time is in decaauts)
 A = Elapsed time spent in this place.
 B = Non-inter-level travel time spent in this place.
 C = Inter-level travel time spent in this place.
 D = Time resting spent in this place.
 E = Time spent auto-exploring this place.
 F = Levels seen in this place.
 G = Mean time per level.
                   A        B        C        D        E       F      G
               +--------+--------+--------+--------+--------+-----+--------+
         Total |   4688 |   4608 |     80 |    726 |   3161 |   6 |  781.3 |
       Dungeon |   4688 |   4608 |     80 |    726 |   3161 |   6 |  781.3 |
               +--------+--------+--------+--------+--------+-----+--------+

Top non-repeatable levels by time:
     D:4: 1191 daAuts
     D:1: 1107 daAuts
     D:3: 875 daAuts
     D:5: 841 daAuts
     D:2: 618 daAuts
     D:6: 55 daAuts
